 Dungeon Sprint DCSS version 0.15.0 (webtiles) character file.

8 staplegun the Fighter (level 2, -1/55 HPs)
             Began as a Minotaur Berserker on Aug 28, 2014.
             Was a Follower of Trog.
             Slain by a tarantella (8 damage)
             ... summoned by a deep elf summoner
             ... in the Dungeon (Sprint V: "Ziggurat Sprint").
             The game lasted 00:02:22 (179 turns).

staplegun the Fighter (Minotaur Berserker)           Turns: 179, Time: 00:02:22

HP  -1/55        AC 18     Str 38      XL: 2   Next:  0%
MP   1/1         EV  5     Int  4      God: Trog [*.....]
Gold 0           SH  0     Dex  9      Spells:  0 memorised,  1 level left

rFire  + + +     SeeInvis .     I - +7 great mace "Firestarter" {flame, rF++}
rCold  + . .     Clarity  .     j - +5 gold dragon armour
rNeg   . . .     rCorr    .     (no shield)
rPois  +         rRot     .     (helmet restricted)
rElec  .         Spirit   .     (no cloak)
SustAb .         Warding  .     (no gloves)
rMut   .         NoTele   +     (no boots)
Gourm  .                        (no amulet)
MR     .....                    G - +6 ring of strength
                                H - +6 ring of strength

@: berserking, very quick, not resistant to hostile enchantments, extremely
unstealthy
A: retaliatory headbutt, horns 2
a: Burn Spellbooks, Berserk, Renounce Religion


You were in the Dungeon.
You worshipped Trog.
Trog was aware of your devotion.
You were not hungry.

You visited 1 branch

Inventory:

Hand weapons
 a - a +0 mace
 I - the +7 great mace "Firestarter" (weapon) {flame, rF++}
   (You found it in the Dungeon)

   It emits flame when wielded, causing extra injury to most foes and up to
   double damage against particularly susceptible opponents.
   It greatly protects you from fire.
 J - the +8 lance "Wyrmbane" {slay drac, +Rage rPois rF+ AC+5}
   (You found it in the Dungeon)

   It affects your AC (+5).
   It protects you from fire.
   It protects you from poison.
   It lets you go berserk.
Armour
 b - a +0 animal skin
 j - a +5 gold dragon armour (worn)
 K - the +18 shield of the gong {rElec rN+ MR+ EV-5}
   (You found it in the Dungeon)

   It affects your evasion (-5).
   It insulates you from electricity.
   It protects you from negative energy.
   It affects your resistance to hostile enchantments.
 L - a +3 large shield
Magical devices
 o - a wand of disintegration (7)
 y - a wand of fire (5)
 A - a wand of cold (5)
 B - a wand of draining (5)
Comestibles
 c - 5 bread rations
 x - 42 fruits
 z - 4 meat rations
Scrolls
 i - 4 scrolls of blinking
 r - 3 scrolls of recharging
 s - 7 scrolls of fog
 t - a scroll of holy word
 u - 5 scrolls of identify
 v - 5 scrolls of remove curse
 w - 2 scrolls of fear
Jewellery
 C - a +6 ring of dexterity
 D - a +6 ring of dexterity
 E - a +6 ring of intelligence
 F - a +6 ring of intelligence
 G - a +6 ring of strength (right hand)
 H - a +6 ring of strength (left hand)
 M - an uncursed ring of flight
Potions
 d - 10 potions of curing
 e - 10 potions of heal wounds
 f - 6 potions of haste
 g - 7 potions of magic
 h - 3 potions of berserk rage
 k - 2 potions of brilliance
 l - 2 potions of invisibility
 m - 2 potions of restore abilities
 n - 4 potions of resistance
 p - 5 potions of agility
 q - 5 potions of might


   Skills:
 + Level 9.6 Fighting
 + Level 3.6 Maces & Flails
 + Level 2.4 Armour
 - Level 2.1 Dodging


You had one spell level left.
You didn't know any spells.

Dungeon Overview and Level Annotations

Branches:
Dungeon (1/1)

Altars:
Ashenzari
Cheibriados
Dithmenos
Elyvilon
Fedhas
Kikubaaqudgha
Makhleb
Nemelex Xobeh
Okawaru
Qazlal
Sif Muna
Trog
Vehumet
Xom
Yredelemnul
Zin
The Shining One
Beogh
Jiyva
Lugonu


Innate Abilities, Weirdness & Mutations

You reflexively headbutt those who attack you in melee.
You have a pair of horns on your head.


Message History

* * * LOW HITPOINT WARNING * * *
The orange rat barely misses you.
Unknown command.
You sock the deep elf summoner! You burn the deep elf summoner.
The deep elf summoner is almost dead.
You feel less confused. The tarantella bites you.
* * * LOW HITPOINT WARNING * * *
The redback bites you.
* * * LOW HITPOINT WARNING * * *
The orange rat completely misses you. You furiously retaliate!
You headbutt the orange rat!!
You kill the orange rat!
The orange rat's corpse disappears in a puff of smoke!
The deep elf summoner hits you with the +8 mace of Jydd {freeze, rF++ rC+ Int+1}.
* * * LOW HITPOINT WARNING * * *
The deep elf summoner freezes you.
* * * LOW HITPOINT WARNING * * *
The tarantella bites you!
You die...

▓▓▓▓▓▓▓
▓.8©8.▓
▓.....▓
▓.§sP.▓
▓.s@..▓
▓.§e..▓
▓.....▓
▓▓▓▓▓▓▓


You could see a deep elf summoner (inner flame), a tarantella and a redback.

Vanquished Creatures
  An orange rat (D)
1 creature vanquished.

Notes
Turn   | Place    | Note
--------------------------------------------------------------
     0 | D        | staplegun, the Minotaur Berserker, began the quest for the Orb.
     0 | D        | Reached XP level 1. HP: 19/19 MP: 1/1
     0 | D        | Found a roughly hewn altar of Beogh.
     0 | D        | Found a corrupted altar of Lugonu.
     1 | D        | Found an ancient bone altar of Kikubaaqudgha.
     2 | D        | Found a basalt altar of Yredelemnul.
     2 | D        | Found an iron altar of Okawaru.
    15 | D        | Found a radiant altar of Vehumet.
    16 | D        | Found a burning altar of Makhleb.
    17 | D        | Found a white marble altar of Elyvilon.
    19 | D        | Found a sparkling altar of Nemelex Xobeh.
    19 | D        | Found a deep blue altar of Sif Muna.
    23 | D        | Reached skill level 9 in Fighting
    23 | D        | Reached XP level 2. HP: 24/37 MP: 1/1
    27 | D        | Found a bloodstained altar of Trog.
    43 | D        | Found a shimmering altar of Xom.
   172 | D        | Entered arena 1.
   172 | D        | Noticed a deep elf summoner
   174 | D        | Noticed a redback
   174 | D        | Noticed a tarantella
   179 | D        | Slain by a tarantella

Action                   || total
-------------------------++-------
Melee: Great mace        ||     3
Invok: Berserk           ||     1
  Use: Potion            ||     1
